 Dungeon Crawl Stone Soup version 0.30.1-9-gdf580d7c3d (webtiles) character file.

Game seed: 6069012098743670100

124 Ivernyr the Shield-Bearer (level 5, -2/42 HPs)
             Began as a Formicid Fighter on Oct 9, 2023.
             Slain by an orc
             ... wielding a +0 trident
              (5 damage)
             ... on level 3 of the Dungeon.
             The game lasted 00:02:47 (2441 turns).

Ivernyr the Shield-Bearer (Formicid Fighter)        Turns: 2441, Time: 00:02:48

Health: -2/42      AC:  9    Str: 23    XL:     5   Next: 30%
Magic:  5/5        EV:  8    Int:  7    God:
Gold:   114        SH:  5    Dex: 13    Spells: 4/4 levels left

rFire   . . .        a - +0 war axe
rCold   . . .        c - +0 buckler
rNeg    . . .        b - +0 chain mail
rPois   .            (helmet unavailable)
rElec   .            (no cloak)
rCorr   .            (no gloves)
SInv    +            (no boots)
Will    .....        (no amulet) Stlth
                     (no ring)
HPRegen 0.27/turn    (no ring)
MPRegen 0.09/turn

%: no passive effects
@: no status effects
A: permanent stasis, dig shafts and tunnels, antennae 3, four strong arms
a: Dig, Shaft Self


You were on level 3 of the Dungeon.
You visited 1 branch of the dungeon, and saw 3 of its levels.

You collected 114 gold pieces.

Inventory:

Hand Weapons
 a - a +0 war axe (weapon)
Armour
 b - a +0 chain mail (worn)
 c - a +0 buckler (worn)
Scrolls
 e - a scroll of vulnerability {unknown}
 g - 2 scrolls of amnesia {unknown}
 h - a scroll of fear {unknown}
 l - 2 scrolls of teleportation {unknown}
 m - a scroll of magic mapping {unknown}
 n - a scroll of immolation {unknown}
 q - a scroll of identify {unknown}
Potions
 d - a potion of might
 f - 3 potions of brilliance {unknown}
 i - 4 potions of curing {unknown}
 j - 2 potions of magic {unknown}
 k - 2 potions of cancellation {unknown}
 o - 2 potions of lignification {unknown}
 p - a potion of attraction {unknown}
 r - a potion of ambrosia {unknown}


   Skills:
 + Level 4.0 Fighting
 * Level 3.5 Axes
 + Level 4.0 Armour
 + Level 4.8 Shields


You had 4 spell levels left.
You didn't know any spells.
Your spell library was empty.

Dungeon Overview and Level Annotations

Branches:
Dungeon (3/15)

Altars:
Gozag


Innate Abilities, Weirdness & Mutations

You cannot be hasted, slowed, berserked, paralysed or teleported.
You can dig through walls and to a lower floor.
You have a pair of large antennae on your head. (SInv)
Your four strong arms can wield two-handed weapons with a shield.


Message History

The orc hits you but does no damage.
Your Fighting skill increases to level 4!
You have reached level 5!
You closely miss the orc. You slash the kobold!
You kill the kobold!
You block the orc's attack. x2; You block the adder's attack.
Unknown command.
You barely miss the adder. You hit the orc.
The adder bites you but does no damage. The orc hits you with a +0 club.
The orc hits you but does no damage. The adder bites you but does no damage.
Unknown command.
You closely miss the adder. You barely miss the orc.
The orc hits you but does no damage. The orc barely misses you.
You block the adder's attack. You block the orc's attack.
The orc hits you but does no damage. The adder misses you.
You miss the adder. You slash the orc!
You kill the orc!
The adder barely misses you.
The orc hits you from afar with a +0 trident!
The adder bites you but does no damage.
Your Armour skill increases to level 4!
You slash the adder!
You kill the adder!
The orc closely misses you. The orc hits you but does no damage.
The orc hits you but does no damage.
Things that are here:
a +0 dagger; a +0 scale mail You barely miss the orc.
The orc hits you with a +0 trident.
You hit the orc.
The orc is lightly wounded.
The orc hits you with a +0 trident.
* * * LOW HITPOINT WARNING * * *
You barely miss the orc. The orc hits you with a +0 trident.
* * * LOW HITPOINT WARNING * * *
You closely miss the orc. The orc hits you with a +0 trident.
* * * LOW HITPOINT WARNING * * *
The orc hits you with a +0 trident.
* * * LOW HITPOINT WARNING * * *
You barely miss the orc. The orc hits you with a +0 trident.
You die...

#............#################
#.##########.................#
#.##########################.##
#..................### #...
#.###########........# #####
#.# #........# #.... ###
#........# #.### #........#
#.#.. #†@......# #.#.#
#.o......# #.#.# #))......#
#<#.# #........# #.#.#
#........# #.#.# #........#
#.#.# #........######.#.#
#........+.........
#........######.#.#


You could see an orc.

Vanquished Creatures
  An orc priest (D:3)
  3 adders
  3 worms (D:2)
  3 orcs (D:3)
  2 bats
  3 endoplasms
  A giant cockroach (D:3)
  6 goblins
  3 hobgoblins
  6 jackals (D:2)
  5 kobolds
  4 quokkas
  4 ball pythons
  3 frilled lizards
  5 rats
52 creatures vanquished.

Notes
Turn   | Place    | Note
-------+----------+-------------------------------------------
     0 | D:1      | Ivernyr the Formicid Fighter began the quest for the Orb.
     0 | D:1      | Reached XP level 1. HP: 18/18 MP: 1/1
   161 | D:1      | Reached XP level 2. HP: 24/24 MP: 2/2
   869 | D:2      | Reached XP level 3. HP: 19/29 MP: 3/3
  1189 | D:2      | Found a faded altar of an unknown god.
  1195 | D:2      | Reached XP level 4. HP: 33/37 MP: 4/4
  2179 | D:3      | Found an opulent altar of Gozag.
  2429 | D:3      | Reached XP level 5. HP: 26/42 MP: 5/5
  2441 | D:3      | Slain by an orc

Illustrated notes

Levels and vault maps discovered:
D:1:      lemuel_arrival_tunnels, layout_basic, glass_columns_a
D:2:      kennysheep_big_flooded_room, layout_basic,
          hellmonk_ecumenical_altar_crossroads
D:3:      layout_basic, grunt_temple_overflow_holy_war, grunt_gozag_breadcrumbs,
          serial_glass, glass_columns_a, glass_columns_c, minmay_door_square,
          st_stairs_2

Skill      XL: |  1  2  3  4  5 |
---------------+----------------+-----
Axes           | 3 |  3.5
Fighting       | 4 |  4.0
Armour         | 4 |  4.0
Shields        | |  4.8

Action                     |  1- 3 |  4- 6 || total
---------------------------+-------+-------++-------
  Melee: War axe           |    81 |    62 ||   143
 Armour: Scale mail        |    33 |    23 ||    56
         Chain mail        |       |    17 ||    17
  Dodge: Dodged            |    45 |    32 ||    77
  Block: Buckler           |    17 |    21 ||    38
